| TOP OF THE 1ST |
|
Norfolk Tides batting - Pitching for Salt Lake Bees : LHP Jon Curtis
|
|
Pitching: LHP Jon Curtis
|
|
|
Batting: SHB Marvin Garcia
|
0-0: Foul Ball, location: 2F 0-1: Ground out 4-3 (Groundball, 4, EV 90.6 MPH)
|
|
Batting: RHB Bobby Scholl
|
0-0: Ball 1-0: Ball 2-0: Ball 3-0: Called Strike 3-1: Base on Balls
|
|
Batting: SHB Brian Bentz
|
0-0: Called Strike 0-1: Ball 1-1: Ball 2-1: Called Strike 2-2: Ball 3-2: Foul Ball, location: 2F 3-2: Foul Ball, location: 2F 3-2: Base on Balls Bobby Scholl to second
|
|
Batting: LHB Ben Rubenacker
|
0-0: Swinging Strike 0-1: Ball 1-1: Ball 2-1: SINGLE (Flyball, 56D, EV 85.0 MPH) Bobby Scholl to third Brian Bentz to second
|
|
Batting: SHB Ben Pierce
|
0-0: Foul Ball, location: 2F 0-1: Fly out, F8 (Flyball, 8RM, EV 91.2 MPH)
|
|
Batting: RHB Mario Saez
|
0-0: Foul Ball, location: 2F 0-1: Swinging Strike 0-2: Strikes out swinging
|
| Top of the 1st over - 0 runs, 1 hit, 0 errors, 3 left on base; Norfolk 0 - Salt Lake 0 |
| BOTTOM OF THE 1ST |
|
Salt Lake Bees batting - Pitching for Norfolk Tides : RHP Zachery Noyes
|
|
Pitching: RHP Zachery Noyes
|
|
|
Batting: RHB Melvin Gomez
|
0-0: Ball 1-0: Ground out 4-3 (Groundball, 4, EV 85.6 MPH)
|
|
Batting: LHB Micah Miller
|
0-0: Foul Ball, location: 2F 0-1: Foul Ball, location: 2F 0-2: Ball 1-2: Foul Ball, location: 2F 1-2: Foul Ball, location: 2F 1-2: Fly out, F8 (Flyball, 8RXD, EV 103.8 MPH)
|
|
Batting: LHB Rusty Ney
|
0-0: Ball 1-0: Foul Ball, location: 2F 1-1: SINGLE (Flyball, 9LS, EV 93.1 MPH)
|
|
Batting: SHB Mario Padron
|
0-0: Called Strike 0-1: Ball 1-1: Fly out, F7 (Line Drive, 7S, EV 91.9 MPH)
|
| Bottom of the 1st over - 0 runs, 1 hit, 0 errors, 1 left on base; Norfolk 0 - Salt Lake 0 |
| TOP OF THE 2ND |
|
Norfolk Tides batting - Pitching for Salt Lake Bees : LHP Jon Curtis
|
|
Batting: RHB Longfellow Wetzler
|
0-0: Called Strike 0-1: Fly out, F6 (Line Drive, 6, EV 68.8 MPH)
|
|
Batting: RHB Michel Kamphuis
|
0-0: Ground out 1-3 (Groundball, 15, EV 68.8 MPH)
|
|
Batting: RHB Logan Savarese
|
0-0: Ball 1-0: Ball 2-0: SINGLE (Groundball, 6MS, EV 71.9 MPH) (infield hit)
|
|
Batting: SHB Marvin Garcia
|
0-0: Called Strike 0-1: Ball 1-1: Foul Ball, location: 2F 1-2: Ball 2-2: Ball 3-2: Foul Ball, location: 2F 3-2: Foul Ball, location: 2F 3-2: Foul Ball, location: 2F 3-2: Ground out 6-3 (Groundball, 6, EV 103.8 MPH)
|
| Top of the 2nd over - 0 runs, 1 hit, 0 errors, 1 left on base; Norfolk 0 - Salt Lake 0 |
| BOTTOM OF THE 2ND |
|
Salt Lake Bees batting - Pitching for Norfolk Tides : RHP Zachery Noyes
|
|
Batting: LHB Jack Bell
|
0-0: Ball 1-0: SINGLE (Groundball, 3S, EV 68.8 MPH) (infield hit)
|
|
Batting: RHB Justin Lauderdale
|
0-0: Ball Wild Pitch! Jack Bell to second 1-0: Ball 2-0: SINGLE (Line Drive, 4M, EV 105.0 MPH) Jack Bell to third Runner from 3rd tries for Home, SAFE, throw by CF to home
|
|
Batting: RHB Juan Rosa
|
0-0: Ball 1-0: Called Strike 1-1: Ball 2-1: Ball Justin Lauderdale is caught stealing 2nd base 2-4 3-1: Foul Ball, location: 2F 3-2: Fly out, F9 (Flyball, 9D, EV 83.8 MPH)
|
|
Batting: RHB Jose Pineda
|
0-0: Ball 1-0: Swinging Strike 1-1: Called Strike 1-2: Strikes out looking
|
| Bottom of the 2nd over - 1 run, 2 hits, 0 errors, 0 left on base; Norfolk 0 - Salt Lake 1 |
| TOP OF THE 3RD |
|
Norfolk Tides batting - Pitching for Salt Lake Bees : LHP Jon Curtis
|
|
Batting: RHB Bobby Scholl
|
0-0: Foul Ball, location: 2F 0-1: Swinging Strike 0-2: Reached via error on a dropped throw from SS, E3 (Groundball, 6M, EV 82.5 MPH)
|
|
Batting: SHB Brian Bentz
|
0-0: Ball 1-0: Foul Ball, location: 2F 1-1: Ball 2-1: Called Strike 2-2: Grounds into double play, 5-4-3 (Groundball, 56, EV 91.2 MPH)
|
|
Batting: LHB Ben Rubenacker
|
0-0: Ball 1-0: Foul Ball, location: 2F 1-1: Ground out 1-3 (Groundball, 34S, EV 72.5 MPH)
|
| Top of the 3rd over - 0 runs, 0 hits, 1 error, 0 left on base; Norfolk 0 - Salt Lake 1 |
| BOTTOM OF THE 3RD |
|
Salt Lake Bees batting - Pitching for Norfolk Tides : RHP Zachery Noyes
|
|
Batting: RHB Oren Jones
|
0-0: Called Strike 0-1: Ball 1-1: Ground out 5-3 (Groundball, 5S, EV 83.1 MPH)
|
|
Batting: RHB Melvin Gomez
|
0-0: Ball 1-0: Fly out, F8 (Flyball, 8RXD, EV 92.5 MPH)
|
|
Batting: LHB Micah Miller
|
0-0: Called Strike 0-1: Ball 1-1: Ball 2-1: SINGLE (Groundball, 6MD, EV 100.6 MPH)
|
|
Batting: LHB Rusty Ney
|
0-0: Ball 1-0: Ball 2-0: Foul Ball, location: 2F 2-1: Called Strike Micah Miller steals 2nd base (no throw) 2-2: Ball 3-2: Ground out 6-3 (Groundball, 6, EV 87.5 MPH)
|
| Bottom of the 3rd over - 0 runs, 1 hit, 0 errors, 1 left on base; Norfolk 0 - Salt Lake 1 |
| TOP OF THE 4TH |
|
Norfolk Tides batting - Pitching for Salt Lake Bees : LHP Jon Curtis
|
|
Batting: SHB Ben Pierce
|
0-0: Foul Ball, location: 2F 0-1: SINGLE (Groundball, 4M, EV 100.6 MPH) (infield hit)
|
|
Batting: RHB Mario Saez
|
0-0: Called Strike 0-1: Swinging Strike 0-2: Foul Ball, location: 2F 0-2: Fielders Choice at 2nd, 6-4 (Groundball, 6, EV 97.5 MPH)
|
|
Batting: RHB Longfellow Wetzler
|
0-0: Ball 1-0: Swinging Strike 1-1: Ball 2-1: Foul Ball, location: 2F 2-2: Ball 3-2: Strikes out swinging
|
|
Batting: RHB Michel Kamphuis
|
0-0: Ground out 1-3 (Groundball, 13S, EV 75.0 MPH)
|
| Top of the 4th over - 0 runs, 1 hit, 0 errors, 1 left on base; Norfolk 0 - Salt Lake 1 |
| BOTTOM OF THE 4TH |
|
Salt Lake Bees batting - Pitching for Norfolk Tides : RHP Zachery Noyes
|
|
Batting: SHB Mario Padron
|
0-0: Ball 1-0: Called Strike 1-1: Ball 2-1: Foul Ball, location: 2F 2-2: Strikes out swinging
|
|
Batting: LHB Jack Bell
|
0-0: Ball 1-0: Called Strike 1-1: Called Strike 1-2: Ball 2-2: Ball 3-2: Foul Ball, location: 2F 3-2: Strikes out swinging
|
|
Batting: RHB Justin Lauderdale
|
0-0: SINGLE (Line Drive, 89S, EV 96.9 MPH)
|
|
Batting: RHB Juan Rosa
|
0-0: Ball 1-0: Foul Ball, location: 2F 1-1: Called Strike 1-2: Strikes out swinging
|
| Bottom of the 4th over - 0 runs, 1 hit, 0 errors, 1 left on base; Norfolk 0 - Salt Lake 1 |
| TOP OF THE 5TH |
|
Norfolk Tides batting - Pitching for Salt Lake Bees : LHP Jon Curtis
|
|
Batting: RHB Logan Savarese
|
0-0: Ball 1-0: Foul Ball, location: 2F 1-1: Fly out, F7 (Line Drive, 7, EV 91.2 MPH)
|
|
Batting: SHB Marvin Garcia
|
0-0: Ball 1-0: Foul Ball, location: 2F 1-1: Foul Ball, location: 2F 1-2: Strikes out swinging
|
|
Batting: RHB Bobby Scholl
|
0-0: Ball 1-0: Called Strike 1-1: Ball 2-1: Ball 3-1: Called Strike 3-2: Foul Ball, location: 2F 3-2: Fly out, F5 (Popup, 5, EV 63.8 MPH)
|
| Top of the 5th over - 0 runs, 0 hits, 0 errors, 0 left on base; Norfolk 0 - Salt Lake 1 |
| BOTTOM OF THE 5TH |
|
Salt Lake Bees batting - Pitching for Norfolk Tides : RHP Zachery Noyes
|
|
Batting: RHB Jose Pineda
|
0-0: Swinging Strike 0-1: Foul Ball, location: 2F 0-2: Strikes out looking
|
|
Batting: RHB Oren Jones
|
0-0: Ball 1-0: Fly out, F6 (Popup, 6, EV 74.4 MPH)
|
|
Batting: RHB Melvin Gomez
|
0-0: Ground out 4-3 (Groundball, 4, EV 100.6 MPH)
|
| Bottom of the 5th over - 0 runs, 0 hits, 0 errors, 0 left on base; Norfolk 0 - Salt Lake 1 |
| TOP OF THE 6TH |
|
Norfolk Tides batting - Pitching for Salt Lake Bees : LHP Jon Curtis
|
|
Batting: SHB Brian Bentz
|
0-0: Called Strike 0-1: Ball 1-1: Called Strike 1-2: Foul Ball, location: 2F 1-2: Fly out, F8 (Flyball, 89D, EV 100.6 MPH)
|
|
Batting: LHB Ben Rubenacker
|
0-0: Ball 1-0: Ball 2-0: Swinging Strike 2-1: Called Strike 2-2: Ball 3-2: Foul Ball, location: 2F 3-2: Strikes out swinging
|
|
Batting: SHB Ben Pierce
|
0-0: Foul Ball, location: 2F 0-1: Called Strike 0-2: Strikes out looking
|
| Top of the 6th over - 0 runs, 0 hits, 0 errors, 0 left on base; Norfolk 0 - Salt Lake 1 |
| BOTTOM OF THE 6TH |
|
Salt Lake Bees batting - Pitching for Norfolk Tides : RHP Zachery Noyes
|
|
Batting: LHB Micah Miller
|
0-0: Ball 1-0: Swinging Strike 1-1: Ball 2-1: Ball 3-1: Foul Ball, location: 2F 3-2: Base on Balls
|
|
Batting: LHB Rusty Ney
|
0-0: Called Strike 0-1: SINGLE (Groundball, 56D, EV 106.2 MPH) Micah Miller to second Runner from 2nd tries for 3rd, SAFE, no throw by LF
|
|
Batting: SHB Mario Padron
|
0-0: Ball Rusty Ney steals 2nd base 1-0: Intentional Walk
|
|
Batting: LHB Jack Bell
|
0-0: Ball 1-0: Fly out, F7 (Flyball, 78S, EV 91.9 MPH)
|
|
Batting: RHB Justin Lauderdale
|
0-0: Ball 1-0: Fielders Choice at 2nd, 5-4 (Groundball, 56, EV 103.1 MPH) Micah Miller scores Rusty Ney to third
|
|
Batting: RHB Juan Rosa
|
0-0: Ball 1-0: Called Strike 1-1: Swinging Strike 1-2: Strikes out swinging
|
| Bottom of the 6th over - 1 run, 1 hit, 0 errors, 2 left on base; Norfolk 0 - Salt Lake 2 |
| TOP OF THE 7TH |
|
Norfolk Tides batting - Pitching for Salt Lake Bees : LHP Jon Curtis
|
|
Pitching: RHP Nick Madrid
|
|
|
Batting: RHB Mario Saez
|
0-0: Foul Ball, location: 2F 0-1: Swinging Strike 0-2: Foul Ball, location: 2F 0-2: Ball 1-2: Ball 2-2: Ball 3-2: Base on Balls
|
|
Batting: RHB Longfellow Wetzler
|
0-0: SINGLE (Groundball, 56S, EV 70.6 MPH) (infield hit) Mario Saez to second
|
|
Batting: RHB Michel Kamphuis
|
0-0: Foul Ball, location: 2F 0-1: Ball 1-1: Sac Bunt to 23 - play at first, batter OUT! 3-4 Mario Saez to third Longfellow Wetzler to second
|
|
Batting: RHB Logan Savarese
|
0-0: Called Strike 0-1: Ball 1-1: Ground out U3 (Groundball, 3, EV 95.0 MPH)
|
|
Batting: SHB Marvin Garcia
|
0-0: Ball 1-0: Ball 2-0: Foul Ball, location: 2F 2-1: Foul Ball, location: 2F 2-2: Fly out, F6 (Line Drive, 6, EV 72.5 MPH)
|
| Top of the 7th over - 0 runs, 1 hit, 0 errors, 2 left on base; Norfolk 0 - Salt Lake 2 |
| BOTTOM OF THE 7TH |
|
Salt Lake Bees batting - Pitching for Norfolk Tides : RHP Zachery Noyes
|
|
Batting: RHB Jose Pineda
|
0-0: Called Strike 0-1: Ball 1-1: Swinging Strike 1-2: Strikes out swinging
|
|
Batting: RHB Oren Jones
|
0-0: Called Strike 0-1: Swinging Strike 0-2: Ground out 6-3 (Groundball, 56, EV 103.8 MPH)
|
|
Batting: RHB Melvin Gomez
|
0-0: Ball 1-0: Ball 2-0: Ground out U3 (Groundball, 34S, EV 82.5 MPH)
|
| Bottom of the 7th over - 0 runs, 0 hits, 0 errors, 0 left on base; Norfolk 0 - Salt Lake 2 |
| TOP OF THE 8TH |
|
Norfolk Tides batting - Pitching for Salt Lake Bees : RHP Nick Madrid
|
|
Pitching: RHP Austin Maki
|
|
|
Batting: RHB Bobby Scholl
|
0-0: Foul Ball, location: 2F 0-1: Foul Ball, location: 2F 0-2: Strikes out swinging
|
|
Batting: SHB Brian Bentz
|
0-0: Called Strike 0-1: Ball 1-1: Ground out 5-3 (Groundball, 5S, EV 61.9 MPH)
|
|
Batting: LHB Ben Rubenacker
|
0-0: Ball 1-0: Foul Ball, location: 2F 1-1: Called Strike 1-2: Ground out 4-3 (Groundball, 4MD, EV 83.8 MPH)
|
| Top of the 8th over - 0 runs, 0 hits, 0 errors, 0 left on base; Norfolk 0 - Salt Lake 2 |
| BOTTOM OF THE 8TH |
|
Salt Lake Bees batting - Pitching for Norfolk Tides : RHP Zachery Noyes
|
|
Pitching: LHP Randy Adams
|
|
|
Batting: LHB Micah Miller
|
0-0: Foul Ball, location: 2F 0-1: Called Strike 0-2: SINGLE (Popup, 4M, EV 75.6 MPH)
|
|
Batting: LHB Rusty Ney
|
0-0: Called Strike 0-1: Ball 1-1: Ball 2-1: Ball 3-1: Fly out, F7 (Flyball, 7, EV 91.9 MPH)
|
|
Batting: SHB Mario Padron
|
0-0: Ball 1-0: Ball 2-0: Called Strike 2-1: Ball 3-1: Foul Ball, location: 2F 3-2: Foul Ball, location: 2F 3-2: Foul Ball, location: 2F 3-2: Ground out 1-3 (Groundball, 15S, EV 71.2 MPH) Micah Miller to second
|
|
Batting: LHB Jack Bell
|
0-0: Ball 1-0: Foul Ball, location: 2F 1-1: Fly out, F7 (Flyball, 7S, EV 82.5 MPH)
|
| Bottom of the 8th over - 0 runs, 1 hit, 0 errors, 1 left on base; Norfolk 0 - Salt Lake 2 |
| TOP OF THE 9TH |
|
Norfolk Tides batting - Pitching for Salt Lake Bees : RHP Austin Maki
|
|
Pitching: RHP Joe Butler
|
|
|
Batting: SHB Ben Pierce
|
0-0: Ball 1-0: Ball 2-0: Called Strike 2-1: Foul Ball, location: 2F 2-2: Fly out, F7 (Flyball, 7D, EV 102.5 MPH)
|
|
Pinch Hitting: LHB Johan de Vries
|
0-0: Fly out, F8 (Line Drive, 78M, EV 108.8 MPH)
|
|
Pinch Hitting: LHB Jose Chinchilla
|
0-0: Called Strike 0-1: Ball 1-1: Ball 2-1: Foul Ball, location: 2F 2-2: SINGLE (Line Drive, 34D, EV 95.6 MPH)
|
|
Batting: RHB Michel Kamphuis
|
0-0: Foul Ball, location: 2F 0-1: Ball 1-1: Ball 2-1: Ball 3-1: Base on Balls Jose Chinchilla to second
|
|
Pinch Hitting: LHB Ricardo Pagan
|
0-0: Fly out, F8 (Flyball, 78XD, EV 99.4 MPH)
|
| Top of the 9th over - 0 runs, 1 hit, 0 errors, 2 left on base; Norfolk 0 - Salt Lake 2 |
|